 Dungeon Crawl Stone Soup version 0.17.0-24-gcfadda4 (webtiles) character file.

939 Banto the Grappler (level 8, -2/67 (70) HPs)
             Began as a Ghoul Skald on Nov 17, 2015.
             Slain by a gnoll sergeant
             ... wielding a +0 trident
              (11 damage)
             ... on level 5 of the Dungeon.
             The game lasted 00:10:05 (5575 turns).

Banto the Grappler (Ghoul Skald)                    Turns: 5575, Time: 00:10:05

HP:   -2/67 (70)    AC:  6    Str: 16    XL:     8   Next: 12%
MP:   9/9           EV: 11    Int:  7    God:
Gold: 137           SH:  0    Dex: 10    Spells: 4 memorised, 2 levels left

rFire  . . .     SeeInvis .       - Unarmed
rCold  + + .     Clarity  .     s - +2 leather armour {rC+}
rNeg   + + +     SustAt   .     (no shield)
rPois  ∞         Gourm    .     n - +0 helmet
rElec  .         Spirit   .     (no cloak)
rCorr  .         Warding  .     (no gloves)
rMut   .         Stasis   .     (no boots)
MR     .....                    (no amulet)
Stlth  +.........               (no ring)
                                (no ring)

@: rotting, not resistant to hostile enchantments, very unstealthy
A: rotting body, claws 1, carnivore 3, cold resistance 1, negative energy
resistance 3, slow regeneration 1, torment resistance, unbreathing
a: no special abilities


You were on level 5 of the Dungeon.
You were not hungry.

You visited 1 branch of the dungeon, and saw 6 of its levels.

You collected 232 gold pieces.
You spent 95 gold pieces at shops.

Inventory:

Missiles
 d - 208 stones (quivered)
Armour
 e - a +0 buckler
 n - a +0 helmet (worn)
 s - a +2 leather armour of cold resistance (worn)
Scrolls
 a - a scroll of recharging
 g - a scroll of amnesia
 i - 2 scrolls of remove curse
 k - 3 scrolls of teleportation
Potions
 b - a potion of degeneration {unknown}
 f - a potion of brilliance {unknown}
 h - a potion of heal wounds {unknown}
 j - a potion of curing
 l - 2 potions of resistance {unknown}
 p - a potion of flight {unknown}
 q - 2 potions of poison {unknown}
 r - a potion of invisibility {unknown}
Comestibles
 c - 2 meat rations
 o - a slice of pizza


   Skills:
 + Level 6.1 Fighting
 - Level 0.8 Armour
 - Level 0.8 Dodging
 * Level 8.3 Unarmed Combat
 - Level 1.7 Spellcasting
 - Level 2.6 Charms


You had 2 spell levels left.
You knew the following spells:

 Your Spells              Type           Power        Failure   Level  Hunger
a - Infusion              Chrm           #.....       17%         1    ##.....
b - Song of Slaying       Chrm           #.......     24%         2    ###....
c - Shroud of Golubria    Chrm/Tloc      #.........   47%         2    ###....
d - Regeneration          Chrm/Necr      #.........   86%         3    ####...


Dungeon Overview and Level Annotations

Branches:
Dungeon (6/15)
 Temple: D:4-7

Altars:
Ashenzari
Dithmenos
Elyvilon
Fedhas
The Shining One

Shops:
D:4 *


Innate Abilities, Weirdness & Mutations

Your body is rotting away.
You thrive on raw meat.
You are immune to poison.
You have sharp fingernails.
You are carnivorous and can eat meat at any time.
Your flesh is cold resistant.
You are immune to negative energy.
You regenerate slowly when monsters are visible.
You are immune to unholy pain and torment.
You can survive without breathing.


Message History

You scratch the gnoll sergeant.
The gnoll sergeant is almost dead.
The gnoll sergeant hits you with a trident.
The gnoll hits you with a club!
You barely miss the gnoll sergeant.
The gnoll sergeant is almost dead.
The gnoll sergeant hits you with a trident!
* * * LOW HITPOINT WARNING * * *
The gnoll hits you with a club.
* * * LOW HITPOINT WARNING * * *
You scratch the gnoll sergeant.
The gnoll sergeant is almost dead.
The gnoll sergeant closely misses you.
Unknown command.
You scratch the gnoll sergeant but do no damage.
The gnoll sergeant is almost dead.
The gnoll hits you with a club.
* * * LOW HITPOINT WARNING * * *
The gnoll sergeant hits you with a trident!
You die...

##.........#
##..............
##..........#
##..#..........
##......##..##
#..............
##..>##..##..#
#..)...##......
..).###......##
##....####......
..####...#....####....##
##..... ..#
##..#####........##
#..... ..###..##
#.......## ##....
#..#..## #...@g.(#
##.### ##...##
##..#.g..# ###.## #..##
#..####..######...# ##.#
##.## ##..#....##.# #.#
#.## ##...######## ###
### ##.#..# # #.##### #
### #


You could see a gnoll sergeant and a gnoll.

Vanquished Creatures
  2 ogres
  A necrophage (D:5)
  A phantom (D:5)
  A giant frog skeleton (D:5)
  2 crimson imps (D:5)
  A jelly (D:5)
  An orc priest (D:3)
  A hound (D:5)
  4 orc wizards
  3 worker ants
  A hound skeleton (D:4)
  Robin (D:2)
  8 adders
  A shadow imp (D:5)
  4 oozes
  2 adder skeletons (D:5)
  4 worms
  A giant gecko (D:1)
  21 orcs
  12 bats
  4 giant cockroaches
  7 hobgoblins
  13 jackals
  7 kobolds
  3 quokkas
  7 giant newts
  17 goblins
  9 rats
139 creatures vanquished.

Notes
Turn   | Place    | Note
--------------------------------------------------------------
     0 | D:1      | Banto the Ghoul Skald began the quest for the Orb.
     0 | D:1      | Reached XP level 1. HP: 17/17 MP: 2/2
   144 | D:1      | Reached XP level 2. HP: 15/25 MP: 3/3
   449 | D:1      | Reached skill level 3 in Fighting
   490 | D:1      | Found a glowing golden altar of the Shining One.
   498 | D:1      | Reached XP level 3. HP: 25/31 MP: 4/4
   740 | D:2      | Learned a level 2 spell: Song of Slaying
   743 | D:2      | Learned a level 2 spell: Shroud of Golubria
  1048 | D:2      | Found a blossoming altar of Fedhas.
  1048 | D:2      | Found a shadowy altar of Dithmenos.
  1049 | D:2      | Found a white marble altar of Elyvilon.
  1409 | D:2      | Reached XP level 4. HP: 35/37 MP: 5/5
  1531 | D:2      | Reached skill level 4 in Unarmed Combat
  1651 | D:2      | Noticed Robin
  1690 | D:2      | Killed Robin
  1888 | D:2      | Found a shattered altar of Ashenzari.
  1919 | D:2      | Reached XP level 5. HP: 46/46 MP: 6/6
  2363 | D:3      | Reached skill level 5 in Unarmed Combat
  2509 | D:3      | Reached XP level 6. HP: 30/53 MP: 7/7
  3674 | D:3      | Reached skill level 6 in Unarmed Combat
  3749 | D:4      | Found Goowkag's Assorted Antiques.
  3762 | D:4      | Bought 2 murky sapphire potions for 45 gold pieces
  3762 | D:4      | Bought a scroll of identify for 50 gold pieces
  3777 | D:4      | Reached XP level 7. HP: 48/58 MP: 8/8
  3821 | D:4      | Reached skill level 5 in Fighting
  3835 | D:4      | Learned a level 3 spell: Regeneration
  4433 | D:5      | Entered Level 5 of the Dungeon
  4452 | D:5      | Reached skill level 7 in Unarmed Combat
  5217 | D:5      | Reached skill level 8 in Unarmed Combat
  5217 | D:5      | Reached XP level 8. HP: 58/68 MP: 9/9
  5575 | D:5      | Slain by a gnoll sergeant

Action                   |  1- 3 |  4- 6 |  7- 9 || total
-------------------------+-------+-------+-------++-------
Melee: Unarmed           |   129 |   285 |   119 ||   533
Throw: Stone             |    11 |     7 |     5 ||    23
       Throwing net      |       |       |     1 ||     1
 Cast: Infusion          |       |     1 |       ||     1
Evoke: Wand              |       |     9 |       ||     9
  Use: Scroll            |     1 |     9 |     3 ||    13
  Eat: Chunk             |     4 |    21 |     8 ||    33
